 Dungeon Crawl Stone Soup version 0.29-a0-350-g7790a0e70a (webtiles) character file.

Game seed: 16759424760395361946

2862 croobank the Firebug (level 9, -1/65 (66) HPs)
             Began as a Pale Draconian Fire Elementalist on Apr 23, 2022.
             Slain by a troll (6 damage)
             ... on level 9 of the Dungeon.
             The game lasted 00:29:10 (9551 turns).

croobank the Firebug (DrFE)                         Turns: 9551, Time: 00:29:11

HP:   -1/65 (66)    AC:  8    Str: 12    XL:     9   Next: 47%
MP:   16/16         EV: 14    Int: 19    God:
Gold: 361           SH:  0    Dex: 17    Spells: 8/18 levels left

rFire   . . .      SeeInvis .   a - +6 short sword (protect)
rCold   . . .      Faith    .   (no shield)
rNeg    . . .      Spirit   .   (body armour unavailable)
rPois   .          Reflect  .   (helmet restricted)
rElec   .          Harm     .   (no cloak)
rCorr   .          Rampage  .   h - +0 pair of gloves
Will    .....                   (no boots)
Stlth   +++.......              (no amulet)
HPRegen 0.20/turn               e - +6 ring of dexterity
MPRegen 0.15/turn               y - ring of wizardry

@: short of breath, hasted, lightly drained, very quick
A: breathe steam, AC +7, unfitting armour, cold-blooded, steam resistance, claws
1, frail 1, wild magic 1
a: Breathe Steam


You were on level 9 of the Dungeon.
You visited 2 branches of the dungeon, and saw 9 of its levels.
You also visited: Sewer.

You collected 361 gold pieces.

Inventory:

Hand Weapons
 a - a +6 short sword of protection (weapon)
 b - a +0 hunting sling
 m - a +1 short sword of flaming
 x - a +0 glaive of freezing
 z - a +0 war axe
 C - a +3 dagger of venom
 D - a +0 vorpal battleaxe
Missiles
 d - 191 stones (quivered)
 p - 29 poisoned darts
 q - 5 javelins
 v - 3 curare-tipped darts
 A - 2 boomerangs
Armour
 h - a +0 pair of gloves (worn)
Magical Staves
 B - a staff of poison
Jewellery
 e - a +6 ring of dexterity (left hand)
 u - an amulet of guardian spirit
 y - a ring of wizardry (right hand)
Wands
 s - a wand of iceblast (16)
 w - a wand of flame (6)
 E - a wand of mindburst (2)
Scrolls
 f - 3 scrolls of enchant armour
Potions
 c - 2 potions of invisibility
 g - 3 potions of attraction
 i - 2 potions of might
 j - a potion of magic
 k - 2 potions of curing
 l - 2 potions of resistance
 n - a potion of ambrosia
 o - 2 potions of lignification
 t - a potion of haste


   Skills:
 - Level 5.5 Fighting
 + Level 0.6 Axes
 - Level 5.2 Dodging
 - Level 5.5 Stealth
 - Level 5.1 Spellcasting
 - Level 5.4 Conjurations
 - Level 6.7 Fire Magic


You had 8 spell levels left.
You knew the following spells:

 Your Spells              Type           Power      Damage    Failure   Level
a - Foxfire               Conj/Fire      100%       2x1d9     1%          1
b - Scorch                Fire           78%        2d8       1%          2
c - Conjure Flame         Conj/Fire      36%        6-21      2%          3
d - Flame Wave            Conj/Fire      36%        2d9       6%          4

Your spell library contained the following spells:

 Spells                   Type           Power      Damage    Failure   Level
 Inner Flame              Hex/Fire       23%        N/A       5%          3
 Beastly Appendage        Tmut           12%        N/A       7%          1
 Blink                    Tloc           12%        N/A       11%         2
 Passwall                 Tmut/Erth      5%         N/A       11%         2
 Manifold Assault         Tloc           6%         N/A       82%         5
 Storm Form               Tmut/Air       3%         N/A       100%        7


Dungeon Overview and Level Annotations

Branches:
Dungeon (9/15)             Temple (1/1) D:6           Sewer (visited)
   Lair: D:8-11         Orc: D:9-12

Altars:
Cheibriados
Dithmenos
Fedhas
Kikubaaqudgha
Makhleb
Nemelex Xobeh
Okawaru
Qazlal
Ru
Uskayaw
Vehumet
Wu Jian
Xom
Yredelemnul
Zin
The Shining One

Shops:
D:5 (

Annotations:
D:5 4 runed translucent doors
D:9 exclusion: obsidian statue


Innate Abilities, Weirdness & Mutations

You can breathe blasts of scalding, opaque steam.
Your pale cyan-grey scales are hard. (AC +7)
You cannot fit into any form of body armour.
You are cold-blooded and may be slowed by cold attacks.
You are immune to the effects of steam.
You have sharp fingernails.
You are frail. (-10% HP)
Your spells are a little harder to cast, but a little more powerful.


Message History

You tail-slap the orc warrior, but do no damage.
The orc warrior is lightly wounded.
The orc warrior barely misses you.
You barely miss the orc warrior.
The orc warrior is lightly wounded.
The orc warrior closely misses you.
Okay, then.
It was a potion of mutation.
You feel extremely strange.
You feel less in control of your magic.
You feel frail.
Your fingernails lengthen.
The orc warrior hits you but does no damage.
It was a potion of haste.
You feel yourself speed up. The orc warrior closely misses you.
Unknown command.
An orc warrior is nearby!
Found an amethyst potion.
An obsidian statue comes into view.
Found a scroll labelled CIQ CERGHEASE.
Marking area around an obsidian statue as unsafe for travelling.
A steam dragon comes into view.
A troll comes into view.
Found 2 potions of attraction.
A troll comes into view.
The steam dragon hisses angrily.
A water moccasin comes into view.
You enter the shallow water.
Moving in this stuff is going to be slow.
The water moccasin hisses angrily.
Aiming: Breathe Steam (1% risk of failure)
Press: ? - help, Shift-Dir - straight line, f - troll
Aim: a troll (71% to hit)
You exhale a blast of scalding steam.
The ball of steam hits the troll!
The troll is moderately wounded.
The ball of steam misses the water moccasin.
The water moccasin is engulfed in a cloud of scalding steam.
The troll is engulfed in a cloud of scalding steam.
The troll bites you!
* * * LOW HITPOINT WARNING * * *
The troll claws you but does no damage. The troll claws you.
You die...

##.......... ..#
#........... # #.#
#.......... .# #.#
##.......! ..#
#.#######..#!.#.###..#
#.##.................###
#.##..o..o..D...........
#.##.#######o.........T.
#####.##.# #@.≈≈........
......##.# #.TS.≈.......
####....o#
#≈≈≈§.≈..≈≈... #.###.###
#≈≈≈..≈..≈..≈.. #.#
#...# #≈≈...≈.⌠≈..≈..
#.# ###.#
#≈≈..≈..≈⌠.≈... #.# #.#
#≈≈..≈..≈..≈.. #.# #.#
##≈...≈≈..≈.. ..# #o#
##.......≈.


You could see a troll, a steam dragon, an orc warrior and a water moccasin.

Vanquished Creatures
  Prince Ribbit (D:5)
  Grinder (D:3)
  Menkaure (D:5)
  A water moccasin (D:7)
  An ice beast (D:7)
  A black bear (D:6)
  A sky beast (D:7)
  2 ogres
  2 centaurs
  2 phantoms (D:5)
  5 kobold brigands (Sewer)
  2 scorpions
  2 wights
  4 jellies
  A gnoll shaman (D:6)
  6 hounds
  7 iguanas
  An orc wizard (D:5)
  5 gnolls
  3 river rats
  16 adders
  A shadow imp (D:7)
  3 white imps
  An ufetubus (D:4)
  6 worms
  A dart slug (D:2)
  9 orcs
  13 bats
  10 endoplasms
  5 giant cockroaches
  7 goblins
  7 hobgoblins
  8 jackals
  4 quokkas
  10 ball pythons
  A frilled lizard (D:3)
  19 kobolds
  10 rats
180 creatures vanquished.

Vanquished Creatures (others)
  132 foxfires
  7 toadstools (D:1)
139 creatures vanquished.

Grand Total: 319 creatures vanquished

Notes
Turn   | Place    | Note
-------+----------+-------------------------------------------
     0 | D:1      | croobank the Draconian Fire Elementalist began the quest
                  | for the Orb.
     0 | D:1      | Reached XP level 1. HP: 14/14 MP: 3/3
   395 | D:1      | Reached XP level 2. HP: 14/20 MP: 0/5
   898 | D:1      | Reached XP level 3. HP: 21/26 MP: 6/6
   905 | D:1      | Learned a level 2 spell: Scorch
   909 | D:1      | Learned a level 3 spell: Conjure Flame
  1339 | D:2      | Got the Compendium of Transmigration
  2655 | D:3      | Noticed Grinder
  2665 | D:3      | Killed Grinder
  2666 | D:3      | Reached skill level 1 in Fighting
  2666 | D:3      | Reached XP level 4. HP: 13/36 MP: 0/8
  2666 | D:3      | Reached XP level 5. HP: 15/41 MP: 0/9
  2972 | D:3      | Reached XP level 6. HP: 33/48 MP: 3/10
  3643 | D:4      | Reached skill level 4 in Fire Magic
  3763 | D:4      | Found a glowing drain.
  3821 | Sewer    | Entered a sewer
  4118 | Sewer    | Your scales start taking on a pale cyan-grey colour.
  4118 | Sewer    | Reached XP level 7. HP: 56/56 MP: 9/12
  4118 | Sewer    | Gained mutation: You are immune to the effects of steam.
                  | [Pale Draconian growth]
  4486 | Sewer    | Reached skill level 5 in Fire Magic
  5256 | D:4      | Learned a level 4 spell: Flame Wave
  5924 | D:5      | Entered Level 5 of the Dungeon
  5924 | D:5      | Noticed Menkaure
  5929 | D:5      | Killed Menkaure
  5930 | D:5      | Reached XP level 8. HP: 19/66 MP: 7/14
  6257 | D:5      | Noticed Prince Ribbit
  6273 | D:5      | Killed Prince Ribbit
  6338 | D:5      | Found a large runed translucent door.
  6338 | D:5      | Found a large runed translucent door.
  6340 | D:5      | Noticed a kobold demonologist
  6698 | D:5      | Found a shimmering altar of Xom.
  6904 | D:5      | Found Paduk's Weapon Shop.
  6972 | D:5      | Found a large runed translucent door.
  6973 | D:5      | Found a large runed translucent door.
  7055 | D:5      | Reached skill level 6 in Fire Magic
  7626 | D:6      | Found a staircase to the Ecumenical Temple.
  7637 | D:6      | Reached skill level 5 in Stealth
  7639 | Temple   | Entered the Ecumenical Temple
  7936 | D:6      | Found a basalt altar of Yredelemnul.
  7956 | D:6      | Reached XP level 9. HP: 73/73 MP: 9/16
  8388 | D:7      | Reached skill level 5 in Conjurations
  8401 | D:6      | Reached skill level 5 in Fighting
  8635 | D:7      | Reached skill level 5 in Dodging
  8635 | D:7      | Reached skill level 5 in Spellcasting
  9442 | D:7      | You fall into a shaft and drop 2 floors!
  9522 | D:9      | Gained mutation: Your spells are a little harder to cast,
                  | but a little more powerful. [potion of mutation]
  9522 | D:9      | Gained mutation: You are frail. (-10% HP) [potion of
                  | mutation]
  9522 | D:9      | Gained mutation: You have sharp fingernails. [potion of
                  | mutation]
  9539 | D:9      | Noticed an obsidian statue
  9541 | D:9      | Noticed a troll
  9545 | D:9      | Noticed a troll
  9551 | D:9      | Slain by a troll

Illustrated notes

Levels and vault maps discovered:
D:1:      nagdon_arrival_double_spiral, layout_rooms
D:2:      layout_basic, serial_park_tiny_pond
D:3:      layout_basic, cheibrodos_gnoll_hut, uniq_grinder
D:4:      layout_layer_cave, lightli_sewer_entry_pipes
D:5:      layout_loops_ring, mainiacjoe_overflow_surrounded_room, serial_shops,
          nicolae_shop_window_shopping, hangedman_decor_slide_cut,
          chequers_avenue, minmay_hollow_rounded_squares, uniq_menkaure,
          uniq_prince_ribbit1
D:6:      layout_gridville, mainiacjoe_overflow_catwalk,
          minmay_temple_entry_hall, roderic_batcave
D:7:      layout_loops_ring, grunt_temple_overflow_cloverleaf, minmay_bent
D:9:      cheibrodos_helix_gallery, layout_loops_ring, minivault_16
Temple:   minmay_temple_curvy_branch

Skill      XL: |  1  2  3  4  5  6  7  8  9 |
---------------+----------------------------+-----
Stealth        | 2 3 4 5 |  5.5
Dodging        | 2 3 4 5 |  5.2
Fighting       | 1 2 3 4 5 |  5.5
Spellcasting   | 3 4 5 |  5.1
Conjurations   | 2 3 4 5 |  5.4
Fire Magic     | 4 5 6 |  6.7
Axes           | |  0.6

Action                   |  1- 3 |  4- 6 |  7- 9 || total
-------------------------+-------+-------+-------++-------
Melee: Unarmed           |     7 |       |       ||     7
       Dagger            |    71 |    39 |   121 ||   231
       Tailslap          |     5 |     3 |    28 ||    36
       Punch             |       |     1 |     6 ||     7
       Short sword       |       |       |    21 ||    21
       Battleaxe         |       |       |     8 ||     8
Throw: Throwing net      |       |       |     1 ||     1
       Stone             |       |       |     3 ||     3
 Cast: Foxfire           |    26 |    15 |    33 ||    74
       Scorch            |     4 |    24 |    62 ||    90
       Flame Wave        |       |       |     2 ||     2
       Conjure Flame     |       |       |     1 ||     1
 Abil: Breathe Steam     |       |       |    21 ||    21
  Use: Scroll            |     7 |     4 |     9 ||    20
       Potion            |     1 |       |     2 ||     3
 Stab: Sleeping          |     8 |       |     1 ||     9
Armor: Skin              |    27 |    17 |    60 ||   104
Dodge: Dodged            |    42 |    36 |   131 ||   209

Table legend: (Time is in decaauts)
 A = Elapsed time spent in this place.
 B = Non-inter-level travel time spent in this place.
 C = Inter-level travel time spent in this place.
 D = Time resting spent in this place.
 E = Time spent auto-exploring this place.
 F = Levels seen in this place.
 G = Mean time per level.
                   A        B        C        D        E       F      G
               +--------+--------+--------+--------+--------+-----+--------+
         Total |   9828 |   9579 |    249 |    552 |   7293 |  10 |  982.8 |
       Dungeon |   8266 |   8022 |    244 |    515 |   6096 |   8 | 1033.2 |
        Temple |    256 |    251 |      5 |      0 |    251 |   1 |  256.0 |
         Sewer |   1304 |   1304 |      0 |     37 |    945 |   1 | 1304.0 |
               +--------+--------+--------+--------+--------+-----+--------+

Top non-repeatable levels by time:
     D:5: 1684 daAuts
     D:1: 1385 daAuts
   Sewer: 1304 daAuts
     D:2: 1229 daAuts
     D:4: 1193 daAuts
     D:3: 1089 daAuts
     D:7: 859 daAuts
     D:6: 720 daAuts
  Temple: 256 daAuts
     D:9: 104 daAuts
